AoeStats
← Roman

Arabia

507751121Analyzed
1v1 RM · 14d ago on Sep 19, 2026· 23m 22s· 2 players
Game mode
Random Map
Map size
Tiny (2 player)
Population
200
Speed
Normal
Resources
Standard
Victory
Conquest
Starting age
Dark Age
Ending age
Imperial Age
RankedLock teamsTeams togetherTeam positionsShared explorationLock speedFull tech treeHidden civsTurbo modeCheats
Victory
Defeat
🇨🇱 Romans · Chile
1330
+15
🇦🇷 Inca · Argentina
1303
-15
Anak
6:24 Loom
8:54 Feudal Age
8:59 Champi Runner
22:10 Fletching
Roman
5:53 Loom
9:08 Feudal Age
9:36 Man-at-Arms
11:47 Scale Mail Armor
22:46 Castle Age
22:25 Scale Barding Armor
22:34 Bloodlines
22:53 Double-Bit Axe
Connection lost

Rejoining the realm…

Still unreachable

The connection could not be restored.

Session expired

The server has moved on; the page needs a fresh start.